[Event "Titled Tuesday Blitz June 27 Early 2023"]
[White "Rakhmanov, Aleksandr"]
[Black "Aloma Vidal, Robert"]
[WhiteFideId "4173708"]
[BlackFideId "2260409"]
[WhiteElo "2848"]
[BlackElo "2574"]
[Result "1-0"]
[Round "8"]
[TimeControl "180+2"]
[Date "2023.06.27"]
[WhiteClock "0:00:04"]
[BlackClock "0:00:00"]
[Board "54"]

1. d4 d5 2. c4 c6 3. Nf3 Nf6 4. cxd5 cxd5 5. Nc3 e6 6. Bf4 Bd6 7. Bg3 O-O 8. e3 Ne4 9. Nxe4 dxe4 10. Nd2 f5 11. Bc4 Nc6 12. a3 Kh8 13. Qh5 e5 14. dxe5 Bxe5 15. Rd1 Qf6 16. O-O Bxb2 17. f3 exf3 18. Nxf3 Qg6 19. Qxg6 hxg6 20. Ng5 Bf6 21. Bf4 Ne5 22. Bxe5 Bxg5 23. Rf3 Kh7 24. Rd6 Bh6 25. Bd5 a5 26. g4 Ra6 27. Rxa6 bxa6 28. Bd4 Rd8 29. Bc4 Re8 30. Kf2 Be6 31. Bxe6 Rxe6 32. gxf5 Rc6 33. f6 gxf6 34. Bxf6 Bf8 35. a4 Rc2+ 36. Kg1 Bd6 37. Bd4 Bxh2+ 38. Kh1 g5 39. Rh3+ Kg6 40. Rxh2 Rc1+ 41. Kg2 Rc4 42. Kf3 Rxa4 43. Rh8 Rc4 44. Rg8+ Kh5 45. Kg3 a4 46. Ra8 Rc6 47. Rh8+ Kg6 48. Rh1 Rc4 49. Kg4 Rc6 50. Ra1 Rc4 51. Rh1 a3 52. Rh2 Rb4 53. Ra2 Ra4 54. Kg3 Kf5 55. Kf3 Ra5 56. e4+ Ke6 57. Be3 Ra4 58. Bxg5 Ke5 59. Bf4+ Kd4 60. e5 Kc3 61. e6 Kb3 62. Ra1 Rc4 63. Be5 Rc6 64. e7 Re6 65. Bd6 a2 66. Rh1 a5 67. Kf4 a4 68. Kf5 1-0


[Site "https://www.chess.com"]

[Event "Titled Tuesday Blitz June 27 Early 2023"]
[White "Molina, Roberto Junio Brito"]
[Black "Sebag, Marie"]
[WhiteFideId "2109450"]
[BlackFideId "617822"]
[WhiteElo "2830"]
[BlackElo "2563"]
[Result "1/2-1/2"]
[Round "8"]
[TimeControl "180+2"]
[Date "2023.06.27"]
[WhiteClock "0:00:06"]
[BlackClock "0:00:06"]
[Board "55"]

1. e4 c6 2. d4 d5 3. exd5 cxd5 4. Bd3 Nc6 5. c3 Nf6 6. Bf4 Bg4 7. Nf3 e6 8. Nbd2 Bd6 9. Bxd6 Qxd6 10. O-O O-O 11. Qe1 Bxf3 12. Nxf3 Nd7 13. Qe3 h6 14. Rfe1 Rac8 15. Re2 a6 16. Rae1 b5 17. a3 Ne7 18. Ne5 Nxe5 19. dxe5 Qc5 20. Qf4 Rcd8 21. Rd2 Rd7 22. Bb1 Rfd8 23. Red1 Nc6 24. h4 d4 25. Qe4 g6 26. h5 Nxe5 27. hxg6 Nxg6 28. cxd4 Qg5 29. g3 Kg7 30. Ba2 e5 31. d5 f5 32. Qe2 e4 33. Qe3 Ne5 34. Kg2 Qxe3 35. fxe3 Nd3 36. Rc2 Kf6 37. Rh1 Kg5 38. Kf1 Ne5 39. Rch2 Ng4 40. Rh5+ Kg6 41. Ke2 Rc8 42. Kd2 Rdc7 43. Bb3 a5 44. Bd1 a4 45. R5h4 Rc5 46. Bxg4 Rc2+ 47. Ke1 fxg4 48. Rxg4+ Kf5 49. Rf4+ Ke5 50. Rh5+ Kd6 51. Rxh6+ Ke7 52. Rxe4+ Kd7 53. Ree6 Rxb2 54. Rh7+ Kd8 55. Rd6+ Ke8 56. Rh8+ Ke7 57. Re6+ Kd7 58. Rxc8 Kxc8 59. g4 b4 60. axb4 a3 61. Ra6 a2 62. g5 Rb1+ 63. Kf2 a1=Q 64. Rxa1 Rxa1 65. Kf3 Kd7 66. Kf4 Rb1 67. Kf5 Rxb4 68. g6 Rb1 69. Kf6 Rf1+ 70. Kg7 Kd6 71. e4 Rf4 72. Kh6 Rxe4 73. g7 Rg4 74. Kh7 Kxd5 75. g8=Q+ Rxg8 76. Kxg8 1/2-1/2


[Site "https://www.chess.com"]

[Event "Titled Tuesday Blitz June 27 Early 2023"]
[White "Gharibyan, Mamikon"]
[Black "Krutko, Anatoly"]
[WhiteFideId "13308300"]
[BlackFideId "4185862"]
[WhiteElo "2792"]
[BlackElo "2560"]
[Result "0-1"]
[Round "8"]
[TimeControl "180+2"]
[Date "2023.06.27"]
[WhiteClock "0:00:11"]
[BlackClock "0:00:30"]
[Board "56"]

1. e4 g6 2. d4 Bg7 3. Nf3 d6 4. Bc4 e6 5. O-O Ne7 6. Re1 a6 7. a4 O-O 8. e5 d5 9. Bd3 c5 10. c3 cxd4 11. cxd4 Nbc6 12. Nc3 Qb6 13. Bb1 Bd7 14. h4 Na5 15. h5 Nb3 16. h6 Bh8 17. Bg5 Nc6 18. Ra3 Nbxd4 19. Nxd4 Qxd4 20. Qc1 Nxe5 21. Ne2 Qc4 22. Rc3 Qxa4 23. Be7 Rfc8 24. Bd6 Qg4 25. Ng3 Nc4 26. Be7 Nxb2 27. Rxc8+ Rxc8 28. Qe3 Nc4 29. Qa7 Bc6 30. Ne2 Nd2 31. Bd6 Nf3+ 32. Kf1 Nxe1 33. Kxe1 Bb5 34. Qxb7 Qxe2# 0-1


[Site "https://www.chess.com"]

[Event "Titled Tuesday Blitz June 27 Early 2023"]
[White "Arat, Ufuk Sezen"]
[Black "Avinash Ramesh"]
[WhiteFideId "6309089"]
[BlackFideId "45018340"]
[WhiteElo "2560"]
[BlackElo "2783"]
[Result "0-1"]
[Round "8"]
[TimeControl "180+2"]
[Date "2023.06.27"]
[WhiteClock "0:00:02"]
[BlackClock "0:00:55"]
[Board "57"]

1. e4 e5 2. Nf3 Nc6 3. Bc4 Bc5 4. d4 Bxd4 5. Nxd4 Nxd4 6. Be3 Ne6 7. Bxe6 dxe6 8. Qh5 Nf6 9. Qxe5 O-O 10. f3 Nd7 11. Qg3 Qf6 12. Nc3 c6 13. O-O-O Qg6 14. Qc7 Nb6 15. Rd8 Bd7 16. Rxa8 Rxa8 17. Bxb6 axb6 18. Qxd7 Qxg2 19. Rd1 Rf8 20. Qxb7 Qxf3 21. Qxc6 h5 22. a4 Qf4+ 23. Rd2 Rd8 24. Nd5 exd5 25. exd5 Rd6 26. Qe8+ Kh7 27. Qb5 Rg6 28. Qd3 Qxa4 29. Kb1 Qd7 30. d6 f5 31. Rd1 Rf6 32. Qd4 f4 33. Qe4+ g6 34. Rd5 f3 35. Rxh5+ Kg7 36. Re5 f2 37. Re7+ Qxe7 38. Qxe7+ Rf7 39. Qe5+ Kh7 40. d7 f1=Q+ 41. Ka2 Rxd7 42. Qe6 Ra7+ 43. Kb3 Qb5+ 44. Kc3 Rc7+ 45. Kd2 Qg5+ 46. Kd3 Qd8+ 0-1


[Site "https://www.chess.com"]

[Event "Titled Tuesday Blitz June 27 Early 2023"]
[White "Ljukin, Sergei"]
[Black "Xu, Yi"]
[WhiteFideId "14102200"]
[BlackFideId "8605564"]
[WhiteElo "2551"]
[BlackElo "2739"]
[Result "1-0"]
[Round "8"]
[TimeControl "180+2"]
[Date "2023.06.27"]
[WhiteClock "0:00:09"]
[BlackClock "0:00:02"]
[Board "58"]

1. e4 c6 2. d4 d5 3. e5 Bf5 4. Nd2 e6 5. Nb3 Nd7 6. Nf3 h6 7. Be2 Qc7 8. O-O Ne7 9. Be3 Bh7 10. h3 Nf5 11. Bf4 Be7 12. Rc1 b5 13. Bd3 a5 14. c3 a4 15. Na1 Nf8 16. Nc2 Nh4 17. Nxh4 Bxh4 18. Ne3 Bxd3 19. Qxd3 Ng6 20. Bh2 Bd8 21. f4 Ne7 22. f5 Qd7 23. f6 gxf6 24. exf6 Ng6 25. Ng4 Bc7 26. Rce1 Bxh2+ 27. Kxh2 O-O-O 28. Ne5 Nxe5 29. Rxe5 Rdg8 30. Rf3 Qd6 31. Rg3 Kd7 32. Qe3 Rxg3 33. Qxg3 Qf8 34. Rh5 Rg8 35. Qf4 Rg6 36. g4 Qd6 37. Re5 Qc7 38. h4 Qd6 39. h5 Rg5 40. Kg3 Rxe5 41. Qxe5 Qxe5+ 42. dxe5 Ke8 43. b4 axb3 44. axb3 c5 45. Kf4 Kf8 46. Ke3 Kg8 47. Kd3 Kh7 48. Kc2 Kg8 49. Kb2 Kf8 50. Ka3 Kg8 51. b4 c4 52. Kb2 Kh7 53. Kc2 Kg8 54. Kd2 Kf8 55. Ke3 Ke8 56. Kd4 Kf8 57. Kc5 Ke8 58. Kxb5 Kd7 59. Kc5 Ke8 60. b5 Kd7 61. b6 d4 62. Kxd4 Kc6 63. g5 Kxb6 64. gxh6 1-0


[Site "https://www.chess.com"]

[Event "Titled Tuesday Blitz June 27 Early 2023"]
[White "Yuan, Qingyu"]
[Black "Mamedov, Edgar"]
[WhiteFideId "8609772"]
[BlackFideId "13739980"]
[WhiteElo "2720"]
[BlackElo "2550"]
[Result "0-1"]
[Round "8"]
[TimeControl "180+2"]
[Date "2023.06.27"]
[WhiteClock "0:00:02"]
[BlackClock "0:00:05"]
[Board "59"]

1. e4 c5 2. Nf3 Nc6 3. Bb5 e5 4. O-O Bd6 5. c3 a6 6. Bc4 Nf6 7. d4 cxd4 8. cxd4 exd4 9. e5 Bxe5 10. Nxe5 Nxe5 11. Re1 O-O 12. Rxe5 Qc7 13. Qxd4 d5 14. Bg5 Ng4 15. Rxd5 Qxh2+ 16. Kf1 Qh1+ 17. Ke2 Be6 18. Kf3 Qh5 19. Kg3 Qh2+ 20. Kf3 Bxd5+ 21. Bxd5 Ne5+ 22. Ke2 Qh5+ 23. Kf1 Qxg5 24. f4 Qh4 25. Qxe5 Rfe8 26. Qc3 Rad8 27. Bf3 Qxf4 28. Na3 Re3 29. Qc4 Rxf3+ 30. gxf3 Qxf3+ 31. Kg1 Qg3+ 32. Kf1 Qh2 33. Re1 Qxb2 34. Qc7 Qf6+ 35. Kg1 h6 36. Nc4 Qg5+ 37. Kf1 Qf5+ 38. Kg1 Qg4+ 39. Kf1 Rc8 40. Ne5 Qh3+ 41. Kf2 Rxc7 42. Nd3 Rc2+ 43. Re2 Qxd3 0-1


[Site "https://www.chess.com"]

[Event "Titled Tuesday Blitz June 27 Early 2023"]
[White "Cherniaiev, Tykhon"]
[Black "Turzo, Attila"]
[WhiteFideId "14182360"]
[BlackFideId "704954"]
[WhiteElo "2703"]
[BlackElo "2542"]
[Result "0-1"]
[Round "8"]
[TimeControl "180+2"]
[Date "2023.06.27"]
[WhiteClock "0:00:06"]
[BlackClock "0:00:38"]
[Board "61"]

1. Nf3 Nf6 2. d4 g6 3. c4 Bg7 4. g3 O-O 5. Bg2 d6 6. O-O Nbd7 7. Nc3 e6 8. b3 Qe7 9. Bb2 c6 10. Qc2 e5 11. dxe5 Nxe5 12. Nxe5 dxe5 13. a4 Rd8 14. Ba3 Qc7 15. Rad1 Bf5 16. Qc1 Bf8 17. Bb2 Bg7 18. Rxd8+ Rxd8 19. Rd1 a5 20. h3 Rxd1+ 21. Nxd1 Nd7 22. Ne3 Be6 23. Bc3 Nc5 24. Qa3 Bf8 25. Qb2 f6 26. Nc2 Qb6 27. Na1 Kf7 28. e3 Nd3 29. Qd2 Nb4 30. Nc2 Nxc2 31. Qxc2 Bb4 32. Qd2 Bxc3 33. Qxc3 Qb4 34. Qxb4 axb4 35. g4 f5 36. gxf5 gxf5 37. Kf1 Bxc4+ 38. bxc4 b3 39. Bf3 b2 40. Kg2 b1=Q 41. a5 Qa1 42. e4 f4 43. Bg4 Qxa5 44. Bf5 h6 45. Bc8 b5 46. cxb5 cxb5 47. Bb7 b4 48. Bd5+ Qxd5 49. Kf3 Qd3+ 50. Kg4 Qxe4 51. Kh5 Qg6+ 52. Kh4 Qg5# 0-1


[Site "https://www.chess.com"]

[Event "Titled Tuesday Blitz June 27 Early 2023"]
[White "Berezin, Viktor"]
[Black "Fernandez Guillen, Ernesto J."]
[WhiteFideId "14107872"]
[BlackFideId "3512428"]
[WhiteElo "2537"]
[BlackElo "2693"]
[Result "1-0"]
[Round "8"]
[TimeControl "180+2"]
[Date "2023.06.27"]
[WhiteClock "0:00:07"]
[BlackClock "0:00:13"]
[Board "62"]

1. d4 Nf6 2. Nf3 g6 3. g3 Bg7 4. Bg2 O-O 5. O-O d5 6. c4 c6 7. cxd5 Nxd5 8. Nc3 Nb6 9. h3 N8d7 10. e4 e5 11. dxe5 Nxe5 12. Nxe5 Bxe5 13. Bh6 Re8 14. Qc2 Qe7 15. Rad1 Be6 16. Be3 Nc4 17. Bd4 Bxd4 18. Rxd4 Rad8 19. Rfd1 Rxd4 20. Rxd4 Rd8 21. Ne2 Rxd4 22. Nxd4 Qb4 23. Nxe6 fxe6 24. b3 Ne5 25. Kh2 Qd4 26. f4 Nd3 27. Qd2 c5 28. Bf1 Nb4 29. Qg2 e5 30. Bc4+ Kg7 31. f5 gxf5 32. exf5 e4 33. Qe2 e3 34. Kg2 Nc6 35. Qh5 Qf6 36. Qg4+ Kf8 37. Qe4 Qe5 38. Kf3 Nd4+ 39. Kxe3 Qxg3+ 40. Kd2 Qf2+ 41. Kc3 Qxf5 42. Qg2 Ke7 43. Bd3 Qe5 44. Qxb7+ Kf6 45. Qxh7 Qe1+ 46. Kc4 Qe6+ 47. Kc3 Ke5 48. Qe4+ Kd6 49. Qxe6+ Nxe6 50. Bc4 Nf4 51. h4 Ke5 52. b4 cxb4+ 53. Kxb4 Kf6 54. Ka5 Ng6 55. h5 Ne5 56. Bb5 Kg5 57. Ka6 Nf3 58. Kxa7 Nd4 59. a4 Nb3 60. Kb6 Kxh5 61. Bc4 Nd2 62. Bd5 Kg5 63. a5 Nf1 64. a6 Ne3 65. Be6 Kf6 66. a7 Kxe6 67. a8=Q Nc4+ 68. Kc5 Ne5 69. Qd5+ Kf5 70. Kd6 1-0


[Site "https://www.chess.com"]

[Event "Titled Tuesday Blitz June 27 Early 2023"]
[White "Mattheii"]
[Black "djokovic74"]
[WhiteElo "2530"]
[BlackElo "2676"]
[Result "0-1"]
[Round "8"]
[TimeControl "180+2"]
[Date "2023.06.27"]
[WhiteClock "0:00:05"]
[BlackClock "0:00:08"]
[Board "63"]

1. d4 e6 2. c4 Nf6 3. Nc3 Bb4 4. Qc2 d6 5. e4 c5 6. d5 O-O 7. Nf3 exd5 8. exd5 Re8+ 9. Be2 Bg4 10. O-O Bxc3 11. bxc3 Bxf3 12. Bxf3 Nbd7 13. Bf4 Ne5 14. Be2 Qd7 15. h3 Ng6 16. Bh2 Ne4 17. Bd3 Nf6 18. Rfe1 Ne5 19. Bf1 Qc7 20. f4 Ned7 21. Bd3 b5 22. cxb5 c4 23. Bf5 Nb6 24. a4 Nbxd5 25. Qd2 g6 26. Bc2 Qc5+ 27. Kh1 Rxe1+ 28. Rxe1 Qa3 29. Be4 Re8 30. Bxd5 Rxe1+ 31. Qxe1 Nxd5 32. f5 Kg7 33. Qd2 Nxc3 34. Bxd6 Qa1+ 35. Kh2 Ne4 36. Qf4 Nxd6 37. Qxd6 Qf6 38. Qxf6+ Kxf6 39. a5 c3 40. b6 axb6 41. axb6 c2 42. b7 c1=Q 43. b8=Q Kxf5 44. Qb5+ Kf6 45. Qb6+ Kg7 46. Qd4+ f6 47. Qd7+ Kh6 48. Qd6 Qg5 49. Qf8+ Kh5 50. Qd6 Qe5+ 51. Qxe5+ fxe5 52. Kg3 Kg5 53. Kf3 Kf5 54. g4+ Kf6 55. h4 h6 56. Ke4 Ke6 57. h5 g5 58. Ke3 Kd5 59. Kd3 e4+ 60. Ke3 Ke5 61. Ke2 Kf4 62. Kf2 Kxg4 0-1


[Site "https://www.chess.com"]

[Event "Titled Tuesday Blitz June 27 Early 2023"]
[White "Ritvin, Stanislav"]
[Black "Khoroshev, Nikita"]
[WhiteFideId "2011751"]
[BlackFideId "14200287"]
[WhiteElo "2507"]
[BlackElo "2666"]
[Result "1-0"]
[Round "8"]
[TimeControl "180+2"]
[Date "2023.06.27"]
[WhiteClock "0:00:13"]
[BlackClock "0:00:59"]
[Board "64"]

1. e4 e6 2. d4 d5 3. Nc3 dxe4 4. Nxe4 Nd7 5. Nf3 Ngf6 6. Nxf6+ Nxf6 7. Bd3 c5 8. O-O Qc7 9. Re1 Be7 10. dxc5 Qxc5 11. Be3 Qc7 12. Bd4 O-O 13. Ng5 h6 14. Bxf6 gxf6 15. Qh5 Kg7 16. Nxe6+ Bxe6 17. Rxe6 Rg8 18. Re3 Bd6 19. Rae1 Qc5 20. Rg3+ Qg5 21. Rxg5+ fxg5 22. h4 Rae8 23. Rxe8 Rxe8 24. g3 Re5 25. hxg5 Rxg5 26. Qf3 b5 27. Qb7 Bc5 28. Bxb5 Rxg3+ 29. Kf1 Rg5 30. Bd3 h5 31. b4 Bd4 32. Qe4 Bb6 33. c4 Bc7 34. c5 Be5 35. b5 Bh2 36. c6 Rg4 37. Qh7+ Kf8 38. Qxh5 Rg1+ 39. Ke2 Bd6 40. Qd5 Ke7 41. Qe4+ Kd8 42. Qd4 Ke7 43. Qxa7+ Kf6 44. Qd7 Be5 45. c7 Rc1 46. c8=Q 1-0


[Site "https://www.chess.com"]

[Event "Titled Tuesday Blitz June 27 Early 2023"]
[White "Ginzburg, Yakov"]
[Black "Sahib Singh"]
[WhiteFideId "4157176"]
[BlackFideId "25618342"]
[WhiteElo "2499"]
[BlackElo "2658"]
[Result "1-0"]
[Round "8"]
[TimeControl "180+2"]
[Date "2023.06.27"]
[WhiteClock "0:00:37"]
[BlackClock "0:00:00"]
[Board "65"]

1. d4 d5 2. c4 e6 3. g3 dxc4 4. Bg2 c5 5. Nf3 Nc6 6. O-O cxd4 7. Qa4 Bd7 8. Qxc4 Rc8 9. Nxd4 Nf6 10. Nc3 Nxd4 11. Qxd4 Bc5 12. Qh4 O-O 13. Bg5 Be7 14. Rad1 h6 15. Bxh6 gxh6 16. Qxh6 Nh7 17. Be4 f5 18. Bxb7 Rc7 19. Bf3 Rf6 20. Qh4 Rg6 21. Qf4 Ng5 22. Bg2 Qc8 23. h4 Nf7 24. e4 Rc4 25. Rfe1 e5 26. Qd2 Rd4 27. Qc1 Rxd1 28. Rxd1 Be6 29. Nd5 Qf8 30. exf5 Bxf5 31. h5 Rd6 32. Qe3 Bg5 33. Qxa7 e4 34. Qd4 Qd8 35. b4 Re6 36. b5 Qb8 37. a4 Kh7 38. b6 Qa8 39. Qb4 Qc6 40. b7 Re8 41. b8=Q Rxb8 42. Qxb8 Qxa4 43. Qb1 e3 44. Qxf5+ Kh8 45. Rb1 exf2+ 46. Qxf2 1-0


[Site "https://www.chess.com"]

[Event "Titled Tuesday Blitz June 27 Early 2023"]
[White "Kaidanov, Gregory"]
[Black "Baches Garcia, Guillermo"]
[WhiteFideId "2008564"]
[BlackFideId "2209764"]
[WhiteElo "2652"]
[BlackElo "2498"]
[Result "1-0"]
[Round "8"]
[TimeControl "180+2"]
[Date "2023.06.27"]
[WhiteClock "0:01:41"]
[BlackClock "0:00:00"]
[Board "66"]

1. d4 d5 2. c4 e6 3. Nf3 h6 4. g3 Nf6 5. Bg2 Bd6 6. O-O O-O 7. Nbd2 c5 8. cxd5 exd5 9. dxc5 Bxc5 10. Nb3 Bb6 11. Nbd4 Nc6 12. Bf4 Re8 13. Rc1 Bd7 14. Nb5 g5 15. Nxg5 hxg5 16. Bxg5 Bf5 17. Qd2 Bg6 18. Qf4 Kg7 19. Nd6 Re6 20. Nf5+ Kg8 21. Nh6+ Kg7 22. Ng4 Nh5 23. Qd2 Qe8 24. e3 d4 25. e4 Bxe4 26. Bxe4 Rxe4 27. Bf6+ 1-0


[Site "https://www.chess.com"]

[Event "Titled Tuesday Blitz June 27 Early 2023"]
[White "Karttunen, Mika"]
[Black "Jovic, Stanoje"]
[WhiteFideId "502081"]
[BlackFideId "905020"]
[WhiteElo "2651"]
[BlackElo "2494"]
[Result "1-0"]
[Round "8"]
[TimeControl "180+2"]
[Date "2023.06.27"]
[WhiteClock "0:00:27"]
[BlackClock "0:00:00"]
[Board "67"]

1. e4 c6 2. d4 d5 3. exd5 cxd5 4. Bd3 g6 5. c3 Nc6 6. h3 Nh6 7. Nf3 f6 8. Qe2 Nf7 9. O-O Bg7 10. c4 dxc4 11. Bxc4 O-O 12. d5 Nce5 13. Bb3 a5 14. Nc3 b6 15. Nd4 Ba6 16. Ndb5 Nd6 17. a4 Rc8 18. f4 Bxb5 19. Nxb5 Nef7 20. Nd4 Qd7 21. Ne6 f5 22. Nxg7 Kxg7 23. Be3 Ne4 24. Bxb6 Nf6 25. Bd4 Nd6 26. Rad1 Ne4 27. Rfe1 Rb8 28. Bc2 Kg8 29. Bxf6 Nxf6 30. Qxe7 Qxe7 31. Rxe7 Rxb2 32. Bd3 Rb4 33. Bb5 Rd8 34. d6 Re4 35. Ra7 Rxf4 36. Rxa5 Re4 37. Ra7 f4 38. d7 Kf8 39. Rc7 Ke7 40. Rcc1 g5 41. Re1 Kd6 42. Rxe4 Nxe4 43. Rc8 Ke7 44. a5 Nd6 45. Rxd8 Kxd8 46. Ba4 Nb7 47. a6 1-0


[Site "https://www.chess.com"]

[Event "Titled Tuesday Blitz June 27 Early 2023"]
[White "Jia, Haoxiang"]
[Black "Sanhueza, Cristian"]
[WhiteFideId "8602999"]
[BlackFideId "116815"]
[WhiteElo "2638"]
[BlackElo "2486"]
[Result "1-0"]
[Round "8"]
[TimeControl "180+2"]
[Date "2023.06.27"]
[WhiteClock "0:00:15"]
[BlackClock "0:00:04"]
[Board "68"]

1. d4 Nf6 2. c4 g6 3. Nf3 Bg7 4. g3 O-O 5. Bg2 d6 6. O-O Nc6 7. Nc3 a6 8. d5 Na5 9. Nd2 c5 10. Qc2 Rb8 11. Rb1 b5 12. b3 h5 13. e4 h4 14. Nd1 hxg3 15. hxg3 e5 16. Ne3 Ng4 17. Nxg4 Bxg4 18. f3 Bd7 19. Rf2 Bh6 20. cxb5 Be3 21. bxa6 Bxf2+ 22. Kxf2 Qb6 23. Bf1 Bb5 24. Nc4 Qxa6 25. Bd2 Bxc4 26. bxc4 Kg7 27. Rb5 Rxb5 28. cxb5 Qb6 29. a4 Rh8 30. Qc3 Ra8 31. f4 f6 32. Be2 Nb7 33. Bd1 Qd8 34. Kg2 Na5 35. fxe5 fxe5 36. Qc1 Qe7 37. Bh6+ Kh7 38. Bg5 Qf7 39. Bg4 Rf8 40. Qh1+ Kg8 41. Be6 Nc4 42. Bxf7+ Rxf7 43. Qh6 Rg7 44. Bf6 Rf7 45. Qh8# 1-0


[Site "https://www.chess.com"]

[Event "Titled Tuesday Blitz June 27 Early 2023"]
[White "Kovalevsky, Stanislav"]
[Black "Al-Tarboush, Ward"]
[WhiteFideId "13508598"]
[BlackFideId "7601450"]
[WhiteElo "2486"]
[BlackElo "2635"]
[Result "1/2-1/2"]
[Round "8"]
[TimeControl "180+2"]
[Date "2023.06.27"]
[WhiteClock "0:00:10"]
[BlackClock "0:01:39"]
[Board "69"]

1. c4 c5 2. Nc3 Nc6 3. g3 g6 4. Bg2 Bg7 5. h4 Nf6 6. d3 e6 7. e4 Nd4 8. Nge2 d6 9. Nxd4 cxd4 10. Ne2 e5 11. Bg5 O-O 12. Qd2 Qb6 13. Bh3 Bxh3 14. Rxh3 h6 15. Bxh6 Bxh6 16. Qxh6 Qxb2 17. Rd1 Nh7 18. h5 Qb4+ 19. Kf1 g5 20. f4 Rae8 21. fxg5 Re6 22. g6 fxg6+ 23. Kg1 Qa4 24. Ra1 Qe8 25. hxg6 Qxg6 26. Qxg6+ Rxg6 27. Rb1 Ng5 28. Rh5 b6 29. Rf1 Rxf1+ 30. Kxf1 Kg7 31. Kg2 Ne6 32. Rf5 Nc5 33. Nc1 Rf6 34. Kf3 Rxf5+ 35. exf5 Kf6 36. g4 Kg5 37. Kg3 a6 38. Kf3 b5 39. cxb5 axb5 40. Kg3 b4 41. Kf3 d5 42. Kg3 e4 43. Ne2 exd3 44. Nxd4 Ne4+ 45. Kf3 d2 46. Ke2 Kxg4 47. f6 Nxf6 48. Kxd2 Ne4+ 49. Ke3 Nc3 50. Nc2 Nxa2 51. Kd4 b3 52. Na3 b2 53. Kxd5 Nc3+ 54. Kc4 b1=Q 55. Nxb1 1/2-1/2


[Site "https://www.chess.com"]

[Event "Titled Tuesday Blitz June 27 Early 2023"]
[White "Colas, Joshua"]
[Black "Reprintsev, Alexander"]
[WhiteFideId "2044447"]
[BlackFideId "14100541"]
[WhiteElo "2626"]
[BlackElo "2475"]
[Result "1-0"]
[Round "8"]
[TimeControl "180+2"]
[Date "2023.06.27"]
[WhiteClock "0:01:36"]
[BlackClock "0:00:27"]
[Board "70"]

1. Nf3 d5 2. c4 d4 3. b4 f6 4. e3 e5 5. c5 a5 6. Qa4+ Qd7 7. b5 Bxc5 8. Bc4 e4 9. Bxg8 Rxg8 10. Qc4 exf3 11. Qxg8+ Bf8 12. gxf3 Qxb5 13. Ba3 Nd7 14. Qxh7 Ne5 15. Bxf8 Nxf3+ 16. Kd1 Bg4 17. Qg6+ Kxf8 18. Qxg4 Qb2 19. Qxf3 Qxa1 20. Qxb7 Rd8 21. Ke2 dxe3 22. fxe3 Qxa2 23. Qxc7 Qd5 24. Rg1 Qd3+ 25. Kf2 Rd5 26. Qxg7+ 1-0


[Site "https://www.chess.com"]

[Event "Titled Tuesday Blitz June 27 Early 2023"]
[White "Jaskolka, Tomasz"]
[Black "LangesNasenhaar"]
[WhiteFideId "1170791"]
[WhiteElo "2625"]
[BlackElo "2471"]
[Result "1-0"]
[Round "8"]
[TimeControl "180+2"]
[Date "2023.06.27"]
[WhiteClock "0:01:15"]
[BlackClock "0:00:02"]
[Board "71"]

1. d4 g6 2. Nc3 Bg7 3. Bf4 d6 4. e4 Nd7 5. Nf3 e5 6. dxe5 dxe5 7. Bg5 f6 8. Be3 c6 9. Bc4 Nh6 10. h3 Qe7 11. Qd2 Nf7 12. O-O-O b5 13. Bb3 O-O 14. h4 Kh8 15. h5 g5 16. h6 Nxh6 17. Nxg5 Nc5 18. Nxh7 Nxb3+ 19. axb3 Kxh7 20. Bxh6 Kg8 21. Bxg7 Qxg7 22. Qd6 Rf7 23. Ne2 Bg4 24. f3 Bd7 25. g4 Raf8 26. Ng3 Qg5+ 27. Kb1 Qf4 28. Nh5 Qxf3 29. Nxf6+ Rxf6 30. Qxd7 R6f7 31. Qxc6 Qf4 32. Qg6+ Rg7 33. Qe6+ Rgf7 34. Rdf1 Qxe4 35. Rxf7 Rxf7 36. Rf1 Qh7 37. Qe8+ Rf8 38. Qxf8# 1-0


[Site "https://www.chess.com"]

[Event "Titled Tuesday Blitz June 27 Early 2023"]
[White "Miszler, Levente"]
[Black "Asavasaetakul, Chawit"]
[WhiteFideId "763276"]
[BlackFideId "6204856"]
[WhiteElo "2475"]
[BlackElo "2625"]
[Result "1-0"]
[Round "8"]
[TimeControl "180+2"]
[Date "2023.06.27"]
[WhiteClock "0:00:15"]
[BlackClock "0:00:08"]
[Board "72"]

1. d4 d5 2. Nf3 c6 3. g3 Nf6 4. Bg2 Bf5 5. O-O e6 6. c4 h6 7. Nc3 Nbd7 8. Nd2 Be7 9. e4 dxe4 10. Ndxe4 O-O 11. Re1 Re8 12. Bf4 Qb6 13. Qd2 Nxe4 14. Nxe4 Bg6 15. a3 Nf6 16. Nxf6+ Bxf6 17. Be5 Bxe5 18. dxe5 Rad8 19. Qc3 Rd4 20. c5 Qd8 21. Qb3 Qd7 22. Rad1 Bd3 23. Bf1 Bxf1 24. Rxf1 Rd5 25. Rxd5 exd5 26. Re1 f6 27. e6 Rxe6 28. Rxe6 Qxe6 29. Qxb7 Qe1+ 30. Kg2 Qe4+ 31. Kg1 d4 32. Qd7 d3 33. b4 Kh7 34. b5 cxb5 35. c6 d2 36. Qxd2 Qxc6 37. Qd3+ Kg8 38. Qd8+ Kf7 39. Qa5 a6 40. h4 h5 41. Qb4 Qe6 42. Qc5 Qe1+ 43. Kg2 Qe4+ 44. Kg1 Qe6 45. Qxh5+ Kg8 46. Qc5 Kh7 47. h5 Qc4 48. Qf5+ Kg8 49. Qg6 Qc1+ 50. Kg2 Qxa3 51. h6 Qf8 52. hxg7 Qf7 53. Qg4 Qb7+ 54. Kf1 Qxg7 55. Qc8+ Kh7 56. Qxa6 Qg5 57. Qb7+ Kg6 58. Qe4+ Qf5 59. Qe8+ Kg5 60. Kg2 Qd5+ 61. Kh3 Qf5+ 62. Kg2 Qd5+ 63. f3 Qd2+ 64. Kh3 Qd5 65. f4+ Kf5 66. Qc8+ Qe6 67. g4+ Kxf4 68. Qxe6 b4 69. Qc4+ Ke3 70. Qxb4 1-0


[Site "https://www.chess.com"]

[Event "Titled Tuesday Blitz June 27 Early 2023"]
[White "Chen, Justin"]
[Black "Zheenbekov, Nurgazy"]
[WhiteFideId "2098199"]
[BlackFideId "13800485"]
[WhiteElo "2620"]
[BlackElo "2460"]
[Result "1/2-1/2"]
[Round "8"]
[TimeControl "180+2"]
[Date "2023.06.27"]
[WhiteClock "0:00:01"]
[BlackClock "0:00:16"]
[Board "73"]

1. e4 e5 2. Nf3 Nc6 3. Bc4 Nf6 4. d4 exd4 5. O-O Be7 6. e5 Ne4 7. Re1 d5 8. exd6 Nxd6 9. Bb3 O-O 10. Nxd4 Nxd4 11. Qxd4 Bf6 12. Qd1 Bf5 13. c3 Re8 14. Bf4 Bg5 15. Rxe8+ Nxe8 16. Qxd8 Bxd8 17. Nd2 c6 18. Nf3 Bc7 19. Bxc7 Nxc7 20. Rd1 Re8 21. Kf1 h6 22. Nd4 Be4 23. f3 Bg6 24. Re1 Kf8 25. Rxe8+ Kxe8 26. Kf2 Ke7 27. Ke3 Kd6 28. h4 Nd5+ 29. Bxd5 Kxd5 30. Ne2 Bb1 31. a3 Kc4 32. Kd2 c5 33. Nf4 Bf5 34. Nh5 g5 35. hxg5 hxg5 36. f4 gxf4 37. Nxf4 Be4 38. g3 Bc6 39. Kc1 a5 40. Kc2 a4 41. Kd2 Be4 42. Ke3 Bf5 43. Kd2 b5 44. Kc1 Kb3 45. Ne2 Bg4 46. Nf4 Bf5 47. Nd5 Be6 48. Nf4 Bf5 1/2-1/2


[Site "https://www.chess.com"]

[Event "Titled Tuesday Blitz June 27 Early 2023"]
[White "Elgersma, Onno"]
[Black "Luukkonen, Tommi"]
[WhiteFideId "1053531"]
[BlackFideId "501808"]
[WhiteElo "2618"]
[BlackElo "2456"]
[Result "0-1"]
[Round "8"]
[TimeControl "180+2"]
[Date "2023.06.27"]
[WhiteClock "0:00:00"]
[BlackClock "0:00:16"]
[Board "74"]

1. e4 e5 2. Nf3 Nc6 3. Bb5 Nf6 4. Nc3 Nd4 5. Nxd4 exd4 6. e5 dxc3 7. exf6 cxd2+ 8. Bxd2 Qxf6 9. O-O Be7 10. Bc3 Qg5 11. Bd3 O-O 12. f4 Qc5+ 13. Kh1 f5 14. Qh5 g6 15. Qh6 Rf7 16. Rae1 b5 17. Re5 Qd6 18. Bxb5 Bf8 19. Qh3 Ba6 20. Bxa6 Qxa6 21. Rfe1 Qxa2 22. Qd3 d6 23. Re6 Bg7 24. Qf3 Raf8 25. h4 Qc4 26. Bxg7 Kxg7 27. c3 Rf6 28. Re7+ R8f7 29. Re8 Rf8 30. R8e7+ R8f7 31. R7e3 a5 32. h5 gxh5 33. Re8 a4 34. R1e3 Rg6 35. Qxh5 Qf1+ 0-1


[Site "https://www.chess.com"]

[Event "Titled Tuesday Blitz June 27 Early 2023"]
[White "HamedWafa4"]
[Black "Mrudul Dehankar"]
[BlackFideId "25096990"]
[WhiteElo "2605"]
[BlackElo "2433"]
[Result "0-1"]
[Round "8"]
[TimeControl "180+2"]
[Date "2023.06.27"]
[WhiteClock "0:00:46"]
[BlackClock "0:00:30"]
[Board "75"]

1. e4 c6 2. d4 d5 3. Nc3 dxe4 4. Nxe4 Nf6 5. Ng3 h5 6. Bc4 h4 7. Nf1 c5 8. Nf3 h3 9. g3 Nc6 10. Ne3 cxd4 11. Nf1 Bg4 12. Be2 Qd5 13. N1d2 e5 14. O-O e4 15. Nxd4 Nxd4 16. Bxg4 Nxg4 17. Qxg4 e3 18. Ne4 e2 19. Re1 f5 20. Qxe2 Nxe2+ 21. Rxe2 Qd1+ 0-1


[Site "https://www.chess.com"]